AA
NEWARK KNIGHTS @ SACRAMENTO AMISH
07/08/2059
 
TOP OF THE 1ST
Newark Knights batting - Pitching for Sacramento Amish : RHP Ross McMillan
Pitching: RHP Ross McMillan
Batting: RHB Stefan Jamroz 0-0: Ball
1-0: Called Strike
1-1: Ground out 4-3 (Groundball, 4, EV 106.9 MPH)
Batting: SHB Deville Fewings 0-0: Ball
1-0: Fly out, F8 (Flyball, 8RM, EV 85.0 MPH)
Batting: RHB Jerry Critchfield 0-0: Called Strike
0-1: Swinging Strike
0-2: Ball
1-2: Foul Ball, location: 2F
1-2: Strikes out swinging
Top of the 1st over - 0 runs, 0 hits, 0 errors, 0 left on base; Newark 0 - Sacramento 0
BOTTOM OF THE 1ST
Sacramento Amish batting - Pitching for Newark Knights : RHP Kamryn Coxey
Pitching: RHP Kamryn Coxey
Batting: RHB Stefan Flynn 0-0: Ball
1-0: Called Strike
1-1: Swinging Strike
1-2: Strikes out looking
Batting: LHB Logan Laughlin 0-0: Ball
1-0: Foul Ball, location: 2F
1-1: Called Strike
1-2: Ball
2-2: Ball
3-2: Ground out 6-3 (Groundball, 6, EV 84.4 MPH)
Batting: RHB Blake Allen 0-0: Called Strike
0-1: Ball
1-1: Called Strike
1-2: Strikes out swinging
Bottom of the 1st over - 0 runs, 0 hits, 0 errors, 0 left on base; Newark 0 - Sacramento 0
TOP OF THE 2ND
Newark Knights batting - Pitching for Sacramento Amish : RHP Ross McMillan
Batting: LHB Broderick Council 0-0: Ball
1-0: Ball
2-0: Ball
3-0: Base on Balls
Batting: LHB Jared Karrigan 0-0: Called Strike
0-1: SINGLE (Line Drive, 89S, EV 105.0 MPH)
Broderick Council to second
Batting: RHB Garret Perales 0-0: Fly out, F7 (Flyball, 7, EV 83.8 MPH)
Batting: RHB Fulton Mhina 0-0: Foul Ball, location: 2F
0-1: Ball
1-1: Ball
2-1: Ball
3-1: Base on Balls
Broderick Council to third
Jared Karrigan to second
Batting: RHB J.D. Brandon 0-0: Ball
1-0: Swinging Strike
1-1: Grounds into double play, 6-4-3 (Groundball, 56D, EV 83.8 MPH)
Top of the 2nd over - 0 runs, 1 hit, 0 errors, 2 left on base; Newark 0 - Sacramento 0
BOTTOM OF THE 2ND
Sacramento Amish batting - Pitching for Newark Knights : RHP Kamryn Coxey
Batting: SHB Jackie Smitherman 0-0: SINGLE (Line Drive, 4MD, EV 96.9 MPH)
Batting: SHB Max Gilbert 0-0: Ball
1-0: Called Strike
1-1: Foul Ball, location: 2F
1-2: Grounds into double play, 4-6-3 (Groundball, 4, EV 76.2 MPH)
Batting: LHB Joey Manning 0-0: Swinging Strike
0-1: Swinging Strike
0-2: Ball
1-2: Ball
2-2: Ball
3-2: Strikes out looking
Bottom of the 2nd over - 0 runs, 1 hit, 0 errors, 0 left on base; Newark 0 - Sacramento 0
TOP OF THE 3RD
Newark Knights batting - Pitching for Sacramento Amish : RHP Ross McMillan
Batting: RHB Kaleb Holle 0-0: Called Strike
0-1: Swinging Strike
0-2: Fly out, F2 (Popup, 3SF, EV 78.1 MPH)
Batting: RHB Stefan Jamroz 0-0: Ball
1-0: Ball
2-0: Ball
3-0: Base on Balls
Batting: SHB Deville Fewings 0-0: Fly out, F8 (Flyball, 78S, EV 88.8 MPH)
Batting: RHB Jerry Critchfield 0-0: Ball
Stefan Jamroz is caught stealing 2nd base 2-4
Top of the 3rd over - 0 runs, 0 hits, 0 errors, 0 left on base; Newark 0 - Sacramento 0
BOTTOM OF THE 3RD
Sacramento Amish batting - Pitching for Newark Knights : RHP Kamryn Coxey
Batting: RHB Langdon Bushey 0-0: Ball
1-0: Ball
2-0: Foul Ball, location: 2F
2-1: SINGLE (Line Drive, 4MD, EV 93.8 MPH)
Batting: RHB Gavin Russell 0-0: SINGLE (Line Drive, 8RS, EV 88.1 MPH)
Langdon Bushey to second
Runner from 2nd tries for 3rd, SAFE, throw by CF made to third
Batting: RHB Steven Bolden 0-0: SINGLE (Groundball, 6D, EV 95.6 MPH)
Langdon Bushey scores
Gavin Russell to second
Batting: RHB Stefan Flynn 0-0: Called Strike
0-1: Ball
1-1: Ball
2-1: Ball
3-1: Called Strike
3-2: Grounds into double play, 4-6-3 (Groundball, 4S, EV 77.5 MPH)
Gavin Russell to third
Batting: LHB Logan Laughlin 0-0: Ball
1-0: TRIPLE (Line Drive, 78D, EV 90.0 MPH)
Gavin Russell scores
Batting: RHB Blake Allen 0-0: Ground out 4-3 (Groundball, 4, EV 86.9 MPH)
Bottom of the 3rd over - 2 runs, 4 hits, 0 errors, 1 left on base; Newark 0 - Sacramento 2
TOP OF THE 4TH
Newark Knights batting - Pitching for Sacramento Amish : RHP Ross McMillan
Batting: RHB Jerry Critchfield 0-0: Ball
1-0: Foul Ball, location: 2F
1-1: Ball
2-1: Foul Ball, location: 2F
2-2: Ball
3-2: Foul Ball, location: 2F
3-2: Base on Balls
Batting: LHB Broderick Council 0-0: Swinging Strike
0-1: Called Strike
0-2: 2-RUN HOME RUN (Flyball, 9D, EV 99.4 MPH), Distance : 381 ft
Batting: LHB Jared Karrigan 0-0: Ball
1-0: Swinging Strike
1-1: Foul Ball, location: 2F
1-2: Ball
2-2: Ball
3-2: Base on Balls
Batting: RHB Garret Perales 0-0: Ball
1-0: Ball
2-0: Called Strike
2-1: Grounds into double play, 5-4-3 (Groundball, 25, EV 91.9 MPH)
Batting: RHB Fulton Mhina 0-0: Ball
1-0: Called Strike
1-1: Ball
2-1: Swinging Strike
2-2: Ball
3-2: Strikes out looking
Top of the 4th over - 2 runs, 1 hit, 0 errors, 0 left on base; Newark 2 - Sacramento 2
BOTTOM OF THE 4TH
Sacramento Amish batting - Pitching for Newark Knights : RHP Kamryn Coxey
Batting: SHB Jackie Smitherman 0-0: Ball
1-0: SINGLE (Line Drive, 78S, EV 90.6 MPH)
Batting: SHB Max Gilbert 0-0: Reached on error, E6 (Flyball, 6D, EV 95.0 MPH)
Jackie Smitherman to second
Batting: LHB Joey Manning 0-0: Ball
1-0: SINGLE (Groundball, 34D, EV 101.9 MPH)
Jackie Smitherman to third
Max Gilbert to second
Batting: RHB Langdon Bushey 0-0: Ball
1-0: Ball
2-0: Called Strike
2-1: Grounds into double play, 6-4-3 (Groundball, 6, EV 95.6 MPH)
Jackie Smitherman scores
Max Gilbert to third
Batting: RHB Gavin Russell 0-0: Ball
1-0: TRIPLE (Flyball, 9LD, EV 85.6 MPH)
Max Gilbert scores
Batting: RHB Steven Bolden 0-0: Swinging Strike
0-1: Ball
1-1: Ball
2-1: Ball
3-1: Foul Ball, location: 2F
3-2: Fly out, F7 (Flyball, 78D, EV 90.0 MPH)
Bottom of the 4th over - 2 runs, 3 hits, 1 error, 1 left on base; Newark 2 - Sacramento 4
TOP OF THE 5TH
Newark Knights batting - Pitching for Sacramento Amish : RHP Ross McMillan
Batting: RHB J.D. Brandon 0-0: Ball
1-0: Fly out, F9 (Flyball, 89D, EV 91.9 MPH)
Batting: RHB Kaleb Holle 0-0: Foul Ball, location: 2F
0-1: Ball
1-1: Foul Ball, location: 2F
1-2: Strikes out looking
Batting: RHB Stefan Jamroz 0-0: Called Strike
0-1: Ball
1-1: Swinging Strike
1-2: Strikes out swinging
Top of the 5th over - 0 runs, 0 hits, 0 errors, 0 left on base; Newark 2 - Sacramento 4
BOTTOM OF THE 5TH
Sacramento Amish batting - Pitching for Newark Knights : RHP Kamryn Coxey
Batting: RHB Stefan Flynn 0-0: Called Strike
0-1: Ball
1-1: Ball
2-1: DOUBLE (Flyball, 8RXD, EV 100.0 MPH)
Batting: LHB Logan Laughlin 0-0: Ball
1-0: Foul Ball, location: 2F
1-1: Ball
2-1: Foul Ball, location: 2F
2-2: Ball
3-2: Foul Ball, location: 2F
3-2: Strikes out looking
Batting: RHB Blake Allen 0-0: Ball
1-0: Fly out, F9 (Flyball, 9LS, EV 87.5 MPH)
Batting: SHB Jackie Smitherman 0-0: Foul Ball, location: 2F
0-1: Ball
1-1: Swinging Strike
1-2: Foul Ball, location: 2F
1-2: Ball
2-2: Fly out, F8 (Flyball, 8LXD, EV 90.6 MPH)
Bottom of the 5th over - 0 runs, 1 hit, 0 errors, 1 left on base; Newark 2 - Sacramento 4
TOP OF THE 6TH
Newark Knights batting - Pitching for Sacramento Amish : RHP Ross McMillan
Batting: SHB Deville Fewings 0-0: Ball
1-0: Ball
2-0: DOUBLE (Groundball, 3L, EV 101.9 MPH)
Batting: RHB Jerry Critchfield 0-0: Ball
1-0: Fly out, F8 (Line Drive, 78D, EV 91.9 MPH)
Batting: LHB Broderick Council 0-0: Swinging Strike
0-1: Ball
1-1: Ball
2-1: Ball
3-1: Base on Balls
Batting: LHB Jared Karrigan 0-0: Foul Ball, location: 2F
0-1: Ball
1-1: Called Strike
1-2: Foul Ball, location: 2F
1-2: Strikes out swinging
Batting: RHB Garret Perales 0-0: Called Strike
0-1: Ball
1-1: Ball
2-1: Foul Ball, location: 2F
2-2: Strikes out swinging
Top of the 6th over - 0 runs, 1 hit, 0 errors, 2 left on base; Newark 2 - Sacramento 4
BOTTOM OF THE 6TH
Sacramento Amish batting - Pitching for Newark Knights : RHP Kamryn Coxey
Batting: SHB Max Gilbert 0-0: Ball
1-0: Called Strike
1-1: Foul Ball, location: 2F
1-2: Foul Ball, location: 2F
1-2: Strikes out looking
Batting: LHB Joey Manning 0-0: Called Strike
0-1: Swinging Strike
0-2: Strikes out swinging
Batting: RHB Langdon Bushey 0-0: Swinging Strike
0-1: Ball
1-1: Ball
2-1: Called Strike
2-2: SINGLE (Groundball, 56D, EV 100.6 MPH)
Batting: RHB Gavin Russell 0-0: Ball
1-0: Fly out, F8 (Flyball, 8LD, EV 75.6 MPH)
Bottom of the 6th over - 0 runs, 1 hit, 0 errors, 1 left on base; Newark 2 - Sacramento 4
TOP OF THE 7TH
Newark Knights batting - Pitching for Sacramento Amish : RHP Ross McMillan
Batting: RHB Fulton Mhina 0-0: Foul Ball, location: 2F
0-1: Foul Ball, location: 2F
0-2: Fly out, F3 (Popup, 34, EV 83.8 MPH)
Batting: RHB J.D. Brandon 0-0: Called Strike
0-1: Swinging Strike
0-2: Ball
1-2: Foul Ball, location: 2F
1-2: Foul Ball, location: 2F
1-2: Ball
2-2: Strikes out swinging
Batting: RHB Kaleb Holle 0-0: Foul Ball, location: 2F
0-1: Ball
1-1: Foul Ball, location: 2F
1-2: Ball
2-2: Ball
3-2: SINGLE (Groundball, P, EV 95.0 MPH) (infield hit)
Pitching: RHP Joshua Pinkston
Batting: RHB Stefan Jamroz 0-0: Called Strike
0-1: Ball
1-1: Called Strike
1-2: Ball
2-2: Foul Ball, location: 2F
2-2: Strikes out swinging
Top of the 7th over - 0 runs, 1 hit, 0 errors, 1 left on base; Newark 2 - Sacramento 4
BOTTOM OF THE 7TH
Sacramento Amish batting - Pitching for Newark Knights : RHP Kamryn Coxey
Batting: RHB Steven Bolden 0-0: Called Strike
0-1: Ball
1-1: Swinging Strike
1-2: Foul Ball, location: 2F
1-2: Strikes out swinging
Batting: RHB Stefan Flynn 0-0: Foul Ball, location: 2F
0-1: Ball
1-1: Ground out 3-1 (Groundball, 34, EV 83.8 MPH)
Batting: LHB Logan Laughlin 0-0: Called Strike
0-1: Called Strike
0-2: Foul Ball, location: 2F
0-2: Ball
1-2: Ball
2-2: Foul Ball, location: 2F
2-2: Ball
3-2: Foul Ball, location: 2F
3-2: Base on Balls
Pitching: RHP Dillon Thompson
Batting: RHB Blake Allen 0-0: Called Strike
0-1: Ball
1-1: Foul Ball, location: 2F
1-2: Strikes out looking
Bottom of the 7th over - 0 runs, 0 hits, 0 errors, 1 left on base; Newark 2 - Sacramento 4
TOP OF THE 8TH
Newark Knights batting - Pitching for Sacramento Amish : RHP Joshua Pinkston
Batting: SHB Deville Fewings 0-0: Swinging Strike
0-1: Ball
1-1: Ball
2-1: Called Strike
2-2: Strikes out swinging
Batting: RHB Jerry Critchfield 0-0: Foul Ball, location: 2F
0-1: Swinging Strike
0-2: Ball
1-2: Ground out 6-3 (Groundball, 6, EV 104.4 MPH)
Batting: LHB Broderick Council 0-0: Foul Ball, location: 2F
0-1: Swinging Strike
0-2: Ground out U3 (Groundball, 3, EV 83.1 MPH)
Top of the 8th over - 0 runs, 0 hits, 0 errors, 0 left on base; Newark 2 - Sacramento 4
BOTTOM OF THE 8TH
Sacramento Amish batting - Pitching for Newark Knights : RHP Dillon Thompson
Batting: SHB Jackie Smitherman 0-0: Called Strike
0-1: Ball
1-1: Foul Ball, location: 2F
1-2: Strikes out swinging
Batting: SHB Max Gilbert 0-0: Ground out 5-3 (Groundball, 5S, EV 79.4 MPH)
Batting: LHB Joey Manning 0-0: Ball
1-0: Ball
2-0: Fly out, F5 (Line Drive, 5L, EV 73.8 MPH)
Bottom of the 8th over - 0 runs, 0 hits, 0 errors, 0 left on base; Newark 2 - Sacramento 4
TOP OF THE 9TH
Newark Knights batting - Pitching for Sacramento Amish : RHP Joshua Pinkston
Batting: LHB Jared Karrigan 0-0: Swinging Strike
0-1: Ball
1-1: Ball
2-1: Ball
3-1: Foul Ball, location: 2F
3-2: Base on Balls
Batting: RHB Garret Perales 0-0: Called Strike
0-1: Swinging Strike
0-2: Fielders Choice at 2nd, 1-6 (Groundball, 13S, EV 66.9 MPH)
Batting: RHB Fulton Mhina 0-0: Called Strike
0-1: Ground out 5-3 (Groundball, 56, EV 102.5 MPH)
Garret Perales to second
Pinch Hitting: LHB Dev Carlson 0-0: Ball
1-0: Fly out, F8 (Flyball, 78M, EV 86.9 MPH)
Top of the 9th over - 0 runs, 0 hits, 0 errors, 1 left on base; Newark 2 - Sacramento 4
Wednesday, March 13th , 2024 - OOTP Baseball 23.10 Build 110